[ AOE2 MATCH · #504036859 ]
UnrankedItalians vs Malians
[ REPLAY ANALYSIS · EXTRACTED FROM THE RECORDED GAME ]
Feudal
13:31
Castle
17:38
Imperial
29:53
| APM avg | 32.3 |
| APM peak | 58 |
| eAPM avg | 18.1 |
| Villagers / military | 96 / 51 |
Focus
⚔️ 35.7% · 🌾 64.3%
Genoese Crossbowman ×35 · Trebuchet (Packed) ×16 · Fishing Ship ×14
Feudal
14:43
Castle
18:38
Imperial
35:00
| APM avg | 35.7 |
| APM peak | 83 |
| eAPM avg | 19.0 |
| Villagers / military | 136 / 102 |
Focus
⚔️ 33.4% · 🌾 66.6%
Shrivamsha Rider ×99 · Fishing Ship ×14 · Monk ×2 · Scout Cavalry ×1
Feudal
13:44
Castle
17:37
Imperial
37:58
| APM avg | 37.5 |
| APM peak | 75 |
| eAPM avg | 15.9 |
| Villagers / military | 96 / 36 |
Focus
⚔️ 23.9% · 🌾 76.1%
Archer ×30 · Fishing Ship ×6 · Obuch ×4 · Cavalry Archer ×2
Feudal
14:12
Castle
18:16
Imperial
31:47
| APM avg | 43.4 |
| APM peak | 68 |
| eAPM avg | 19.0 |
| Villagers / military | 96 / 73 |
Focus
⚔️ 42.3% · 🌾 57.7%
Archer ×73 · Fishing Ship ×8
Feudal
15:08
Castle
18:42
Imperial
37:19
| APM avg | 31.1 |
| APM peak | 68 |
| eAPM avg | 21.3 |
| Villagers / military | 156 / 59 |
Focus
⚔️ 27.5% · 🌾 72.5%
Knight ×31 · Conquistador ×28 · Fishing Ship ×17
Feudal
14:20
Castle
17:43
Imperial
—
| APM avg | 53.9 |
| APM peak | 81 |
| eAPM avg | 19.7 |
| Villagers / military | 93 / 68 |
Focus
⚔️ 26.2% · 🌾 73.8%
Knight ×68 · Fishing Ship ×11
Feudal
—
Castle
—
Imperial
—
| APM avg | 1399.9 |
| APM peak | 5531 |
| eAPM avg | 1398.8 |
| Villagers / military | 0 / 244 |
Focus
⚔️ 93.1% · 🌾 6.9%
Skirmisher ×141 · Spearman ×29 · Gbeto ×27 · Scout Cavalry ×26 · Monk ×7 · Knight ×5
Feudal
—
Castle
—
Imperial
—
| APM avg | 1497.0 |
| APM peak | 5900 |
| eAPM avg | 1496.5 |
| Villagers / military | 0 / 45 |
Focus
⚔️ 92.6% · 🌾 7.4%
Skirmisher ×25 · Spearman ×10 · Galley ×7 · Monk ×2 · Mangonel ×1
Match map
Initial resources + every placement click. Lines = walls · curves = elevation contours. ◆ gold · ⬟ stone · ● berries · ✦ relic · ◌ wall gap
Your base· Open — unwalled flank
xYourY's base· Open — unwalled flank
Kay UwU's base· Open — 5t gap
Before's base· Open — 5t gap
tovra fans's base· Open — unwalled flank
kumo's base· Open — 6t gap
's base· Open — 8t gap
's base· Open — unwalled flank
Smoothed initial terrain · ◌ = detected wall gap · hover for details
Inputs per minute
— wakuku - - xYourY
Build order — wakuku
First 150 of 262 actions detected
| 0:34 | Build | Town Center |
| 1:02 | Build | Dock |
| 1:03 | Build | House |
| 2:50 | Create | Villager (Male) |
| 2:50 | Create | Villager (Male) |
| 2:50 | Create | Villager (Male) |
| 2:56 | Create | Villager (Male) |
| 2:56 | Create | Villager (Male) |
| 3:24 | Create | Fishing Ship |
| 4:05 | Build | House |
| 4:09 | Create | Villager (Male) |
| 4:53 | Create | Villager (Male) |
| 5:26 | Create | Villager (Male) |
| 5:26 | Create | Villager (Male) |
| 5:28 | Create | Fishing Ship |
| 5:42 | Create | Villager (Male) |
| 5:51 | Build | House |
| 6:03 | Create | Villager (Male) |
| 6:25 | Create | Fishing Ship |
| 6:45 | Create | Villager (Male) |
| 6:46 | Create | Villager (Male) |
| 6:56 | Create | Villager (Male) |
| 6:56 | Create | Villager (Male) |
| 7:13 | Build | House |
| 7:21 | Build | House |
| 7:23 | Create | Villager (Male) |
| 7:36 | Create | Fishing Ship |
| 7:47 | Create | Fishing Ship |
| 7:52 | Create | Villager (Male) |
| 8:05 | Create | Villager (Male) |
| 8:05 | Create | Villager (Male) |
| 8:13 | Create | Fishing Ship |
| 8:15 | Create | Villager (Male) |
| 8:39 | Build | House |
| 8:42 | Create | Villager (Male) |
| 9:05 | Create | Fishing Ship |
| 9:25 | Create | Fishing Ship |
| 9:26 | Create | Villager (Male) |
| 9:28 | Create | Villager (Male) |
| 9:28 | Create | Villager (Male) |
| 9:31 | Create | Villager (Male) |
| 9:33 | Create | Fishing Ship |
| 9:42 | Build | Mining Camp |
| 9:50 | Create | Villager (Male) |
| 9:57 | Build | Dock |
| 10:13 | Create | Villager (Male) |
| 10:33 | Build | House |
| 10:54 | Create | Villager (Male) |
| 10:59 | Create | Fishing Ship |
| 10:59 | Create | Fishing Ship |
| 11:00 | Create | Fishing Ship |
| 11:10 | Build | House |
| 11:11 | Build | House |
| 11:21 | Research | Feudal Age |
| 11:30 | Build | Palisade Wall |
| 11:31 | Build | Palisade Wall |
| 12:13 | Build | Outpost |
| 12:32 | Create | Fishing Ship |
| 12:32 | Create | Fishing Ship |
| 13:22 | Create | Villager (Male) |
| 13:22 | Create | Villager (Male) |
| 13:31 | Age | Feudal Age |
| 13:36 | Create | Villager (Male) |
| 13:43 | Build | Mill |
| 14:03 | Build | Market |
| 14:05 | Build | Blacksmith |
| 14:19 | Build | Palisade Wall |
| 14:20 | Build | Palisade Wall |
| 14:30 | Build | Palisade Wall |
| 14:58 | Research | Castle Age |
| 14:59 | Research | Castle Age |
| 15:20 | Build | Lumber Camp |
| 15:44 | Research | Double-Bit Axe |
| 15:44 | Research | Double-Bit Axe |
| 16:05 | Build | Outpost |
| 16:47 | Research | Fletching |
| 16:49 | Research | Gold Mining |
| 16:49 | Research | Gold Mining |
| 17:01 | Research | Tech 906 |
| 17:38 | Age | Castle Age |
| 17:41 | Create | Villager (Male) |
| 17:41 | Create | Villager (Male) |
| 17:42 | Create | Villager (Male) |
| 17:45 | Create | Villager (Male) |
| 17:55 | Build | Castle |
| 18:05 | Research | Bodkin Arrow |
| 18:10 | Create | Villager (Male) |
| 18:31 | Research | Horse Collar |
| 18:34 | Build | Farm |
| 18:39 | Build | Farm |
| 18:55 | Research | Bow Saw |
| 19:14 | Create | Genoese Crossbowman |
| 19:22 | Create | Villager (Male) |
| 19:25 | Create | Genoese Crossbowman |
| 19:40 | Create | Genoese Crossbowman |
| 20:00 | Create | Genoese Crossbowman |
| 20:01 | Create | Villager (Male) |
| 20:01 | Create | Villager (Male) |
| 20:05 | Build | Lumber Camp |
| 20:06 | Create | Genoese Crossbowman |
| 20:06 | Create | Genoese Crossbowman |
| 20:11 | Create | Genoese Crossbowman |
| 20:32 | Create | Genoese Crossbowman |
| 20:33 | Create | Villager (Male) |
| 20:45 | Create | Genoese Crossbowman |
| 20:46 | Create | Villager (Male) |
| 21:01 | Create | Genoese Crossbowman |
| 21:29 | Create | Genoese Crossbowman |
| 21:29 | Create | Genoese Crossbowman |
| 21:43 | Create | Villager (Male) |
| 21:45 | Build | University |
| 21:52 | Create | Genoese Crossbowman |
| 21:59 | Create | Villager (Male) |
| 22:05 | Create | Villager (Male) |
| 22:06 | Create | Villager (Male) |
| 22:13 | Build | Town Center |
| 22:16 | Create | Genoese Crossbowman |
| 22:29 | Create | Genoese Crossbowman |
| 22:29 | Create | Genoese Crossbowman |
| 22:43 | Create | Villager (Male) |
| 22:43 | Create | Villager (Male) |
| 22:46 | Build | Mining Camp |
| 22:50 | Research | Padded Archer Armor |
| 22:51 | Research | Padded Archer Armor |
| 23:05 | Create | Genoese Crossbowman |
| 23:13 | Create | Villager (Male) |
| 23:23 | Build | Castle |
| 23:37 | Create | Genoese Crossbowman |
| 23:37 | Create | Genoese Crossbowman |
| 23:37 | Create | Genoese Crossbowman |
| 23:50 | Research | Ballistics |
| 23:51 | Research | Ballistics |
| 24:01 | Create | Genoese Crossbowman |
| 24:02 | Create | Genoese Crossbowman |
| 24:15 | Create | Genoese Crossbowman |
| 24:15 | Create | Genoese Crossbowman |
| 24:23 | Create | Villager (Male) |
| 24:24 | Build | House |
| 24:25 | Build | House |
| 24:26 | Build | House |
| 24:27 | Build | House |
| 25:00 | Build | Farm |
| 25:00 | Build | Farm |
| 25:22 | Build | House |
| 25:23 | Build | House |
| 25:24 | Build | House |
| 25:24 | Build | House |
| 26:03 | Build | Mining Camp |
| 26:43 | Research | Imperial Age |
| 26:43 | Research | Imperial Age |
Build order — xYourY
First 150 of 348 actions detected
| 0:16 | Build | Town Center |
| 1:13 | Build | House |
| 2:11 | Build | Dock |
| 2:39 | Create | Villager (Male) |
| 2:39 | Create | Villager (Male) |
| 2:39 | Create | Villager (Male) |
| 2:39 | Create | Villager (Male) |
| 3:49 | Create | Fishing Ship |
| 4:20 | Create | Villager (Male) |
| 4:27 | Build | House |
| 4:53 | Create | Villager (Male) |
| 5:16 | Create | Villager (Male) |
| 5:19 | Research | Loom |
| 5:22 | Build | House |
| 5:39 | Create | Villager (Male) |
| 5:47 | Create | Fishing Ship |
| 6:03 | Create | Villager (Male) |
| 6:05 | Create | Villager (Male) |
| 6:19 | Build | House |
| 6:26 | Create | Villager (Male) |
| 7:01 | Create | Fishing Ship |
| 7:25 | Create | Villager (Male) |
| 7:28 | Create | Fishing Ship |
| 7:36 | Build | House |
| 7:38 | Create | Villager (Male) |
| 7:42 | Create | Villager (Male) |
| 7:43 | Create | Fishing Ship |
| 8:13 | Create | Fishing Ship |
| 8:30 | Create | Villager (Male) |
| 8:37 | Create | Villager (Male) |
| 8:53 | Create | Fishing Ship |
| 8:55 | Build | House |
| 9:04 | Create | Villager (Male) |
| 9:05 | Create | Villager (Male) |
| 9:05 | Create | Villager (Male) |
| 9:27 | Create | Fishing Ship |
| 9:51 | Create | Villager (Male) |
| 10:06 | Create | Fishing Ship |
| 10:20 | Create | Villager (Male) |
| 10:23 | Create | Villager (Male) |
| 10:37 | Create | Villager (Male) |
| 10:38 | Create | Fishing Ship |
| 10:47 | Build | House |
| 11:09 | Build | House |
| 11:17 | Build | Mining Camp |
| 12:02 | Research | Feudal Age |
| 12:17 | Build | House |
| 12:41 | Build | House |
| 12:52 | Build | Barracks |
| 13:29 | Build | House |
| 13:47 | Create | Villager (Male) |
| 13:48 | Create | Villager (Male) |
| 14:19 | Build | House |
| 14:43 | Age | Feudal Age |
| 14:47 | Build | Stable |
| 14:49 | Build | Blacksmith |
| 14:55 | Create | Villager (Male) |
| 15:10 | Build | Lumber Camp |
| 15:50 | Research | Castle Age |
| 15:50 | Research | Castle Age |
| 16:04 | Research | Double-Bit Axe |
| 16:10 | Create | Scout Cavalry |
| 16:23 | Research | Gold Mining |
| 17:07 | Build | Stable |
| 17:11 | Create | Villager (Male) |
| 17:57 | Research | Bloodlines |
| 18:06 | Research | Forging |
| 18:38 | Age | Castle Age |
| 18:45 | Build | Town Center |
| 18:50 | Create | Shrivamsha Rider |
| 18:50 | Create | Shrivamsha Rider |
| 18:51 | Create | Villager (Male) |
| 18:54 | Research | Wheelbarrow |
| 18:58 | Create | Villager (Male) |
| 19:16 | Research | Wheelbarrow |
| 19:17 | Create | Villager (Male) |
| 19:22 | Research | Bow Saw |
| 19:37 | Create | Villager (Male) |
| 19:56 | Create | Shrivamsha Rider |
| 19:56 | Create | Shrivamsha Rider |
| 19:57 | Create | Villager (Male) |
| 20:04 | Build | Monastery |
| 20:13 | Create | Villager (Male) |
| 20:13 | Create | Villager (Male) |
| 20:33 | Create | Villager (Male) |
| 20:41 | Build | Mill |
| 20:48 | Create | Villager (Male) |
| 20:55 | Build | House |
| 21:23 | Research | Horse Collar |
| 21:27 | Create | Villager (Male) |
| 21:42 | Build | House |
| 21:47 | Create | Villager (Male) |
| 21:52 | Build | Market |
| 21:54 | Create | Monk |
| 22:13 | Create | Villager (Male) |
| 22:13 | Create | Villager (Male) |
| 22:15 | Build | Farm |
| 22:15 | Build | Farm |
| 22:16 | Build | Farm |
| 22:17 | Build | Farm |
| 22:18 | Build | Farm |
| 22:23 | Build | House |
| 22:23 | Build | House |
| 22:32 | Build | Farm |
| 22:33 | Build | Farm |
| 22:33 | Build | Farm |
| 22:33 | Build | Farm |
| 22:33 | Build | Farm |
| 22:38 | Create | Villager (Male) |
| 22:47 | Research | Heavy Plow |
| 22:50 | Create | Shrivamsha Rider |
| 22:51 | Create | Shrivamsha Rider |
| 22:54 | Build | Farm |
| 23:09 | Create | Villager (Male) |
| 23:12 | Build | Farm |
| 23:31 | Create | Villager (Male) |
| 23:34 | Build | House |
| 23:34 | Build | House |
| 23:47 | Create | Villager (Male) |
| 23:49 | Create | Villager (Male) |
| 23:52 | Build | Farm |
| 23:57 | Build | Farm |
| 23:57 | Build | Farm |
| 24:01 | Build | Farm |
| 24:05 | Build | Mining Camp |
| 24:12 | Create | Villager (Male) |
| 24:12 | Create | Villager (Male) |
| 24:16 | Build | Farm |
| 24:17 | Build | Farm |
| 24:18 | Build | Farm |
| 24:19 | Build | Farm |
| 24:20 | Build | Farm |
| 24:23 | Create | Villager (Male) |
| 24:24 | Create | Shrivamsha Rider |
| 24:32 | Create | Villager (Male) |
| 24:38 | Create | Monk |
| 24:48 | Create | Shrivamsha Rider |
| 25:01 | Create | Shrivamsha Rider |
| 25:02 | Create | Shrivamsha Rider |
| 25:05 | Build | House |
| 25:05 | Build | House |
| 25:06 | Create | Villager (Male) |
| 25:12 | Build | Town Center |
| 25:20 | Create | Villager (Male) |
| 25:23 | Build | Farm |
| 25:42 | Create | Villager (Male) |
| 25:51 | Build | Dock |
| 25:57 | Create | Villager (Male) |
| 25:59 | Research | Town Watch |
| 26:00 | Create | Villager (Male) |
Build order — Kay UwU
First 150 of 254 actions detected
| 0:22 | Build | Town Center |
| 1:22 | Build | Dock |
| 1:24 | Build | House |
| 3:07 | Create | Villager (Male) |
| 3:07 | Create | Villager (Male) |
| 3:07 | Create | Villager (Male) |
| 3:08 | Create | Villager (Male) |
| 4:05 | Create | Fishing Ship |
| 4:25 | Create | Villager (Male) |
| 4:25 | Create | Villager (Male) |
| 4:48 | Build | House |
| 5:11 | Create | Villager (Male) |
| 5:39 | Create | Villager (Male) |
| 5:59 | Create | Villager (Male) |
| 6:06 | Create | Fishing Ship |
| 6:10 | Build | House |
| 6:27 | Create | Villager (Male) |
| 6:42 | Create | Villager (Male) |
| 7:11 | Create | Villager (Male) |
| 7:12 | Create | Fishing Ship |
| 7:44 | Create | Fishing Ship |
| 7:48 | Create | Villager (Male) |
| 7:53 | Build | House |
| 7:55 | Create | Villager (Male) |
| 8:09 | Create | Villager (Male) |
| 9:01 | Create | Villager (Male) |
| 9:02 | Create | Fishing Ship |
| 9:12 | Build | House |
| 9:23 | Create | Villager (Male) |
| 9:45 | Build | Mill |
| 9:46 | Create | Villager (Male) |
| 9:58 | Create | Villager (Male) |
| 9:59 | Create | Fishing Ship |
| 10:44 | Create | Villager (Male) |
| 10:45 | Research | Loom |
| 11:09 | Build | Mining Camp |
| 11:21 | Research | Feudal Age |
| 12:24 | Create | Villager (Male) |
| 13:15 | Create | Villager (Male) |
| 13:32 | Create | Villager (Male) |
| 13:44 | Age | Feudal Age |
| 13:49 | Build | Blacksmith |
| 13:53 | Build | Market |
| 13:58 | Create | Villager (Male) |
| 14:18 | Build | Lumber Camp |
| 14:35 | Build | House |
| 14:57 | Research | Castle Age |
| 15:14 | Build | Mining Camp |
| 16:08 | Create | Villager (Male) |
| 16:55 | Research | Double-Bit Axe |
| 17:02 | Create | Villager (Male) |
| 17:06 | Research | Fletching |
| 17:37 | Age | Castle Age |
| 17:43 | Research | Bow Saw |
| 18:03 | Build | Outpost |
| 18:29 | Build | Barracks |
| 18:35 | Create | Villager (Male) |
| 18:53 | Research | Bodkin Arrow |
| 18:53 | Research | Bodkin Arrow |
| 19:23 | Build | Archery Range |
| 19:27 | Create | Villager (Male) |
| 19:52 | Research | Horse Collar |
| 20:09 | Research | Crossbowman (upgrade) |
| 20:24 | Create | Villager (Male) |
| 20:26 | Create | Archer |
| 20:26 | Create | Archer |
| 20:27 | Create | Archer |
| 20:40 | Create | Archer |
| 20:40 | Create | Archer |
| 21:06 | Build | Archery Range |
| 21:08 | Create | Archer |
| 21:09 | Create | Villager (Male) |
| 21:09 | Create | Villager (Male) |
| 21:17 | Build | House |
| 21:23 | Create | Villager (Male) |
| 21:54 | Create | Villager (Male) |
| 21:58 | Build | House |
| 21:59 | Build | House |
| 22:00 | Build | House |
| 22:01 | Create | Villager (Male) |
| 22:05 | Research | Padded Archer Armor |
| 22:09 | Build | Farm |
| 22:10 | Build | Farm |
| 22:14 | Create | Archer |
| 22:14 | Create | Archer |
| 22:17 | Create | Archer |
| 22:17 | Create | Archer |
| 22:22 | Build | House |
| 22:24 | Create | Archer |
| 22:34 | Build | University |
| 22:35 | Create | Villager (Male) |
| 22:37 | Create | Villager (Male) |
| 22:42 | Build | Farm |
| 22:53 | Create | Archer |
| 22:53 | Create | Villager (Male) |
| 23:09 | Create | Villager (Male) |
| 23:15 | Create | Archer |
| 23:16 | Create | Villager (Male) |
| 23:17 | Research | Town Watch |
| 23:21 | Build | House |
| 23:23 | Build | House |
| 23:31 | Create | Villager (Male) |
| 23:35 | Create | Archer |
| 23:36 | Create | Archer |
| 23:36 | Create | Archer |
| 23:51 | Research | Ballistics |
| 23:53 | Create | Villager (Male) |
| 24:14 | Create | Villager (Male) |
| 24:17 | Create | Archer |
| 24:18 | Create | Archer |
| 24:32 | Create | Archer |
| 24:47 | Create | Archer |
| 24:47 | Create | Archer |
| 24:50 | Create | Villager (Male) |
| 25:05 | Create | Villager (Male) |
| 25:11 | Build | Town Center |
| 25:28 | Create | Cavalry Archer |
| 25:28 | Create | Cavalry Archer |
| 25:32 | Create | Archer |
| 26:04 | Create | Archer |
| 26:04 | Create | Archer |
| 26:05 | Create | Villager (Male) |
| 26:08 | Research | Gold Mining |
| 26:09 | Research | Gold Mining |
| 26:25 | Create | Archer |
| 26:25 | Create | Archer |
| 26:37 | Create | Archer |
| 26:37 | Create | Archer |
| 26:48 | Research | Stone Mining |
| 27:06 | Create | Archer |
| 27:06 | Create | Archer |
| 27:16 | Create | Villager (Male) |
| 27:49 | Build | Lumber Camp |
| 27:55 | Create | Villager (Male) |
| 28:01 | Create | Villager (Male) |
| 28:11 | Create | Villager (Male) |
| 28:11 | Create | Villager (Male) |
| 28:15 | Build | Farm |
| 28:25 | Create | Villager (Male) |
| 28:50 | Build | Mill |
| 28:52 | Build | Farm |
| 29:09 | Create | Villager (Male) |
| 29:22 | Create | Villager (Male) |
| 29:33 | Create | Villager (Male) |
| 29:54 | Create | Villager (Male) |
| 30:10 | Build | Farm |
| 30:11 | Build | Farm |
| 30:11 | Create | Villager (Male) |
| 30:18 | Build | Farm |
| 30:19 | Build | Farm |
Build order — Before
First 150 of 281 actions detected
| 0:34 | Build | Town Center |
| 1:24 | Build | House |
| 1:26 | Build | Dock |
| 2:48 | Create | Villager (Male) |
| 2:48 | Create | Villager (Male) |
| 2:49 | Create | Villager (Male) |
| 2:49 | Create | Villager (Male) |
| 3:53 | Create | Fishing Ship |
| 4:29 | Create | Villager (Male) |
| 4:29 | Create | Villager (Male) |
| 4:38 | Create | Fishing Ship |
| 4:42 | Research | Loom |
| 5:12 | Create | Villager (Male) |
| 5:12 | Create | Villager (Male) |
| 5:17 | Create | Villager (Male) |
| 5:40 | Build | House |
| 6:01 | Create | Villager (Male) |
| 6:22 | Create | Villager (Male) |
| 6:54 | Create | Villager (Male) |
| 6:58 | Build | House |
| 7:22 | Create | Fishing Ship |
| 7:47 | Create | Villager (Male) |
| 7:47 | Create | Villager (Male) |
| 8:14 | Create | Villager (Male) |
| 8:14 | Create | Villager (Male) |
| 8:15 | Create | Villager (Male) |
| 8:16 | Create | Fishing Ship |
| 8:18 | Build | House |
| 8:19 | Build | House |
| 9:06 | Create | Villager (Male) |
| 9:10 | Create | Fishing Ship |
| 9:28 | Create | Fishing Ship |
| 10:01 | Create | Villager (Male) |
| 10:03 | Create | Fishing Ship |
| 10:26 | Create | Villager (Male) |
| 10:26 | Create | Villager (Male) |
| 10:27 | Create | Villager (Male) |
| 10:59 | Create | Villager (Male) |
| 11:00 | Create | Villager (Male) |
| 11:07 | Create | Fishing Ship |
| 11:37 | Build | Mining Camp |
| 12:02 | Research | Feudal Age |
| 12:03 | Research | Feudal Age |
| 12:17 | Build | House |
| 13:09 | Build | House |
| 13:26 | Build | Barracks |
| 13:36 | Create | Villager (Male) |
| 13:36 | Create | Villager (Male) |
| 14:12 | Age | Feudal Age |
| 14:24 | Build | Archery Range |
| 14:59 | Build | Blacksmith |
| 15:11 | Create | Villager (Male) |
| 15:24 | Research | Castle Age |
| 15:24 | Research | Castle Age |
| 15:59 | Build | House |
| 16:00 | Build | House |
| 16:12 | Research | Gold Mining |
| 16:26 | Build | Lumber Camp |
| 16:36 | Create | Archer |
| 16:47 | Research | Double-Bit Axe |
| 16:49 | Create | Archer |
| 17:03 | Build | House |
| 17:04 | Build | House |
| 17:46 | Create | Archer |
| 17:59 | Build | Archery Range |
| 18:02 | Build | House |
| 18:06 | Create | Archer |
| 18:16 | Age | Castle Age |
| 18:25 | Create | Archer |
| 18:27 | Research | Fletching |
| 18:29 | Create | Villager (Male) |
| 18:31 | Create | Villager (Male) |
| 18:38 | Research | Bow Saw |
| 19:03 | Create | Archer |
| 19:04 | Create | Villager (Male) |
| 19:04 | Create | Villager (Male) |
| 19:21 | Create | Archer |
| 19:57 | Create | Archer |
| 19:57 | Create | Archer |
| 20:15 | Research | Crossbowman (upgrade) |
| 20:15 | Research | Crossbowman (upgrade) |
| 20:29 | Build | Mill |
| 20:37 | Research | Bodkin Arrow |
| 20:39 | Create | Archer |
| 20:40 | Create | Archer |
| 20:40 | Create | Archer |
| 20:40 | Create | Archer |
| 21:07 | Create | Villager (Male) |
| 21:07 | Create | Villager (Male) |
| 21:07 | Create | Villager (Male) |
| 21:08 | Create | Archer |
| 21:08 | Create | Archer |
| 21:19 | Research | Horse Collar |
| 21:23 | Build | Farm |
| 21:25 | Build | Farm |
| 21:26 | Build | Farm |
| 21:30 | Create | Archer |
| 21:30 | Create | Archer |
| 21:55 | Create | Archer |
| 21:56 | Create | Villager (Male) |
| 21:56 | Create | Villager (Male) |
| 21:56 | Create | Villager (Male) |
| 22:22 | Create | Archer |
| 22:22 | Create | Archer |
| 22:33 | Create | Villager (Male) |
| 22:33 | Create | Villager (Male) |
| 23:12 | Create | Archer |
| 23:14 | Research | Padded Archer Armor |
| 23:15 | Create | Villager (Male) |
| 23:15 | Create | Villager (Male) |
| 23:21 | Build | Farm |
| 23:22 | Build | Farm |
| 23:24 | Build | Farm |
| 23:25 | Build | Farm |
| 23:28 | Create | Villager (Male) |
| 23:28 | Create | Villager (Male) |
| 23:31 | Build | House |
| 23:33 | Build | House |
| 23:34 | Build | House |
| 23:54 | Build | House |
| 23:55 | Build | House |
| 23:55 | Build | House |
| 23:57 | Build | House |
| 23:57 | Build | House |
| 23:58 | Build | House |
| 24:03 | Build | Lumber Camp |
| 24:31 | Create | Archer |
| 24:32 | Create | Archer |
| 24:32 | Create | Archer |
| 24:32 | Create | Archer |
| 25:05 | Create | Archer |
| 25:06 | Create | Archer |
| 25:37 | Create | Villager (Male) |
| 25:37 | Create | Villager (Male) |
| 25:38 | Create | Archer |
| 25:38 | Create | Archer |
| 25:43 | Build | University |
| 26:06 | Create | Archer |
| 26:06 | Create | Archer |
| 26:14 | Create | Villager (Male) |
| 26:15 | Create | Villager (Male) |
| 26:45 | Create | Archer |
| 26:45 | Create | Archer |
| 26:46 | Create | Villager (Male) |
| 27:02 | Create | Archer |
| 27:15 | Build | Monastery |
| 27:16 | Create | Villager (Male) |
| 27:17 | Create | Villager (Male) |
| 27:17 | Create | Villager (Male) |
| 27:22 | Build | Farm |
Build order — tovra fans
First 150 of 440 actions detected
| 1:02 | Build | Town Center |
| 1:46 | Build | Dock |
| 2:34 | Build | House |
| 2:35 | Build | House |
| 3:38 | Create | Villager (Male) |
| 3:39 | Create | Villager (Male) |
| 3:39 | Create | Villager (Male) |
| 3:39 | Create | Villager (Male) |
| 3:40 | Create | Villager (Male) |
| 5:00 | Create | Fishing Ship |
| 5:15 | Create | Villager (Male) |
| 5:55 | Create | Villager (Male) |
| 5:56 | Create | Fishing Ship |
| 6:17 | Create | Villager (Male) |
| 6:17 | Create | Villager (Male) |
| 6:43 | Create | Villager (Male) |
| 6:44 | Create | Villager (Male) |
| 7:01 | Build | House |
| 7:07 | Create | Villager (Male) |
| 7:11 | Create | Fishing Ship |
| 7:12 | Create | Fishing Ship |
| 7:36 | Create | Villager (Male) |
| 7:37 | Create | Villager (Male) |
| 7:50 | Create | Villager (Male) |
| 8:01 | Create | Fishing Ship |
| 8:19 | Create | Villager (Male) |
| 8:21 | Create | Fishing Ship |
| 8:34 | Build | House |
| 8:44 | Create | Villager (Male) |
| 9:03 | Create | Villager (Male) |
| 9:23 | Create | Fishing Ship |
| 9:39 | Create | Villager (Male) |
| 10:12 | Build | House |
| 10:19 | Create | Villager (Male) |
| 10:24 | Build | House |
| 10:40 | Build | Mill |
| 10:42 | Create | Villager (Male) |
| 10:48 | Build | Dock |
| 11:00 | Create | Villager (Male) |
| 11:32 | Create | Villager (Male) |
| 12:07 | Create | Villager (Male) |
| 12:33 | Create | Villager (Male) |
| 12:35 | Create | Fishing Ship |
| 12:35 | Create | Fishing Ship |
| 12:58 | Research | Feudal Age |
| 12:58 | Research | Feudal Age |
| 13:15 | Build | House |
| 13:34 | Create | Villager (Male) |
| 13:37 | Build | House |
| 13:57 | Build | House |
| 14:34 | Create | Fishing Ship |
| 14:35 | Create | Fishing Ship |
| 14:54 | Build | Mining Camp |
| 15:08 | Age | Feudal Age |
| 15:14 | Build | Market |
| 15:18 | Build | Blacksmith |
| 15:35 | Build | Lumber Camp |
| 15:37 | Create | Villager (Male) |
| 15:57 | Research | Castle Age |
| 15:58 | Research | Castle Age |
| 16:21 | Research | Stone Mining |
| 16:42 | Research | Double-Bit Axe |
| 16:42 | Research | Double-Bit Axe |
| 17:00 | Build | Mining Camp |
| 17:34 | Research | Loom |
| 17:34 | Research | Loom |
| 17:48 | Build | Dock |
| 18:16 | Build | Palisade Gate |
| 18:18 | Build | House |
| 18:18 | Build | House |
| 18:42 | Age | Castle Age |
| 18:44 | Create | Villager (Male) |
| 19:14 | Create | Villager (Male) |
| 19:21 | Build | Castle |
| 19:28 | Research | Bow Saw |
| 19:35 | Build | House |
| 19:36 | Build | House |
| 19:37 | Build | House |
| 19:49 | Create | Fishing Ship |
| 19:50 | Create | Fishing Ship |
| 19:50 | Create | Fishing Ship |
| 19:57 | Create | Villager (Male) |
| 20:08 | Research | Padded Archer Armor |
| 20:08 | Research | Padded Archer Armor |
| 20:11 | Create | Villager (Male) |
| 20:45 | Create | Villager (Male) |
| 21:01 | Build | Town Center |
| 21:06 | Create | Villager (Male) |
| 21:10 | Create | Conquistador |
| 21:11 | Create | Conquistador |
| 21:13 | Create | Villager (Male) |
| 21:13 | Create | Villager (Male) |
| 21:23 | Build | Lumber Camp |
| 21:46 | Create | Villager (Male) |
| 21:51 | Create | Conquistador |
| 21:53 | Create | Villager (Male) |
| 22:00 | Research | Wheelbarrow |
| 22:01 | Research | Wheelbarrow |
| 22:03 | Create | Conquistador |
| 22:09 | Create | Villager (Male) |
| 22:10 | Create | Villager (Male) |
| 22:17 | Create | Villager (Male) |
| 22:26 | Build | Town Center |
| 22:28 | Create | Villager (Male) |
| 22:29 | Create | Conquistador |
| 22:41 | Create | Villager (Male) |
| 22:43 | Create | Villager (Male) |
| 22:44 | Create | Villager (Male) |
| 22:49 | Build | Outpost |
| 22:50 | Build | Outpost |
| 22:54 | Build | Outpost |
| 23:01 | Create | Villager (Male) |
| 23:02 | Create | Villager (Male) |
| 23:05 | Create | Villager (Male) |
| 23:10 | Create | Conquistador |
| 23:24 | Create | Villager (Male) |
| 23:32 | Create | Conquistador |
| 23:38 | Create | Fishing Ship |
| 23:38 | Create | Fishing Ship |
| 23:38 | Create | Fishing Ship |
| 23:58 | Create | Villager (Male) |
| 23:58 | Create | Villager (Male) |
| 24:05 | Build | Mill |
| 24:10 | Create | Villager (Male) |
| 24:15 | Create | Villager (Male) |
| 24:22 | Research | Horse Collar |
| 24:25 | Create | Villager (Male) |
| 24:34 | Create | Villager (Male) |
| 24:43 | Create | Villager (Male) |
| 24:52 | Create | Villager (Male) |
| 24:56 | Create | Villager (Male) |
| 25:02 | Create | Conquistador |
| 25:03 | Create | Conquistador |
| 25:09 | Build | Town Center |
| 25:13 | Create | Villager (Male) |
| 25:14 | Create | Villager (Male) |
| 25:17 | Create | Villager (Male) |
| 25:17 | Create | Villager (Male) |
| 25:20 | Create | Villager (Male) |
| 25:34 | Create | Villager (Male) |
| 25:37 | Build | Farm |
| 25:38 | Build | Farm |
| 25:38 | Build | Farm |
| 25:38 | Build | Farm |
| 25:39 | Build | Farm |
| 25:39 | Build | Farm |
| 25:39 | Build | Farm |
| 25:59 | Create | Villager (Male) |
| 26:04 | Build | Farm |
| 26:09 | Create | Villager (Male) |
Build order — kumo
First 150 of 287 actions detected
| 0:27 | Build | Town Center |
| 1:18 | Build | Dock |
| 1:19 | Build | House |
| 2:46 | Create | Villager (Male) |
| 2:48 | Create | Villager (Male) |
| 2:48 | Create | Villager (Male) |
| 2:50 | Create | Villager (Male) |
| 3:55 | Create | Fishing Ship |
| 3:55 | Create | Fishing Ship |
| 4:09 | Build | House |
| 4:36 | Research | Loom |
| 4:41 | Create | Villager (Male) |
| 5:08 | Create | Villager (Male) |
| 5:43 | Create | Fishing Ship |
| 5:46 | Create | Villager (Male) |
| 6:04 | Create | Villager (Male) |
| 6:05 | Create | Villager (Male) |
| 6:08 | Build | House |
| 7:10 | Create | Villager (Male) |
| 7:14 | Create | Villager (Male) |
| 7:15 | Create | Fishing Ship |
| 7:15 | Create | Fishing Ship |
| 7:19 | Build | House |
| 7:23 | Create | Villager (Male) |
| 7:47 | Create | Villager (Male) |
| 7:57 | Create | Fishing Ship |
| 8:16 | Create | Fishing Ship |
| 8:26 | Build | House |
| 8:26 | Build | House |
| 8:33 | Create | Villager (Male) |
| 8:46 | Create | Villager (Male) |
| 8:53 | Create | Villager (Male) |
| 8:53 | Create | Villager (Male) |
| 9:05 | Create | Fishing Ship |
| 9:14 | Create | Fishing Ship |
| 9:15 | Create | Fishing Ship |
| 9:43 | Create | Villager (Male) |
| 9:47 | Create | Villager (Male) |
| 10:05 | Create | Villager (Male) |
| 10:17 | Create | Villager (Male) |
| 10:39 | Create | Fishing Ship |
| 10:45 | Create | Villager (Male) |
| 10:54 | Build | Mill |
| 11:26 | Build | Mining Camp |
| 11:32 | Research | Feudal Age |
| 13:50 | Build | House |
| 14:20 | Age | Feudal Age |
| 14:31 | Create | Villager (Male) |
| 14:33 | Create | Villager (Male) |
| 15:03 | Research | Castle Age |
| 15:09 | Build | Lumber Camp |
| 15:31 | Build | Stable |
| 15:49 | Research | Double-Bit Axe |
| 15:49 | Research | Double-Bit Axe |
| 16:23 | Research | Gold Mining |
| 16:36 | Build | House |
| 16:37 | Build | House |
| 16:39 | Build | House |
| 16:42 | Research | Bloodlines |
| 16:51 | Build | Blacksmith |
| 17:07 | Build | Dock |
| 17:37 | Research | Scale Barding Armor |
| 17:43 | Age | Castle Age |
| 17:48 | Create | Knight |
| 17:48 | Create | Knight |
| 17:59 | Build | Town Center |
| 18:00 | Create | Villager (Male) |
| 18:05 | Create | Villager (Male) |
| 18:07 | Research | Horse Collar |
| 18:12 | Create | Villager (Male) |
| 18:25 | Create | Villager (Male) |
| 19:03 | Build | House |
| 19:13 | Create | Villager (Male) |
| 19:19 | Create | Villager (Male) |
| 19:21 | Create | Knight |
| 19:21 | Create | Knight |
| 19:26 | Create | Knight |
| 19:26 | Create | Knight |
| 19:37 | Create | Knight |
| 19:38 | Create | Knight |
| 19:47 | Build | House |
| 19:48 | Build | House |
| 20:07 | Build | House |
| 20:15 | Create | Villager (Male) |
| 20:19 | Build | Farm |
| 20:21 | Build | Farm |
| 20:33 | Create | Villager (Male) |
| 20:36 | Create | Knight |
| 20:45 | Build | Farm |
| 20:47 | Build | Farm |
| 20:49 | Create | Villager (Male) |
| 21:01 | Create | Villager (Male) |
| 21:10 | Build | Farm |
| 21:11 | Build | Farm |
| 21:12 | Build | Farm |
| 21:13 | Create | Villager (Male) |
| 21:16 | Build | Farm |
| 21:16 | Create | Villager (Male) |
| 21:19 | Build | Farm |
| 21:31 | Create | Villager (Male) |
| 21:34 | Build | Farm |
| 21:35 | Create | Villager (Male) |
| 21:37 | Build | Farm |
| 21:38 | Build | Farm |
| 21:49 | Create | Knight |
| 21:49 | Create | Knight |
| 22:01 | Build | House |
| 22:02 | Build | House |
| 22:23 | Build | Farm |
| 22:24 | Build | Farm |
| 22:33 | Create | Knight |
| 22:33 | Create | Knight |
| 22:35 | Build | House |
| 22:44 | Research | Husbandry |
| 22:58 | Create | Knight |
| 22:59 | Create | Knight |
| 23:00 | Create | Villager (Male) |
| 23:05 | Build | House |
| 23:06 | Build | House |
| 23:23 | Build | House |
| 23:24 | Create | Villager (Male) |
| 23:28 | Build | Farm |
| 23:29 | Build | Farm |
| 23:44 | Create | Villager (Male) |
| 23:46 | Build | Farm |
| 23:47 | Create | Villager (Male) |
| 23:59 | Create | Knight |
| 24:00 | Create | Villager (Male) |
| 24:03 | Build | House |
| 24:37 | Research | Chain Barding Armor |
| 24:40 | Create | Villager (Male) |
| 24:41 | Create | Villager (Male) |
| 24:42 | Create | Villager (Male) |
| 24:48 | Build | Stable |
| 24:56 | Build | House |
| 24:57 | Build | House |
| 24:58 | Create | Villager (Male) |
| 25:00 | Create | Villager (Male) |
| 25:01 | Create | Villager (Male) |
| 25:10 | Build | House |
| 25:12 | Create | Villager (Male) |
| 25:17 | Build | Farm |
| 25:17 | Build | Farm |
| 25:27 | Build | House |
| 25:28 | Build | House |
| 25:31 | Create | Villager (Male) |
| 25:37 | Research | Forging |
| 25:38 | Create | Villager (Male) |
| 25:55 | Create | Knight |
| 25:55 | Create | Knight |
Build order —
First 150 of 444 actions detected
| 0:03 | Build | Town Center |
| 1:21 | Build | House |
| 1:24 | Build | Dock |
| 1:47 | Research | Tech None |
| 2:39 | Build | House |
| 4:01 | Build | House |
| 5:34 | Build | House |
| 5:43 | Build | Lumber Camp |
| 6:12 | Build | Mill |
| 6:14 | Build | Lumber Camp |
| 7:56 | Build | Mining Camp |
| 8:00 | Build | Mining Camp |
| 8:03 | Build | House |
| 8:08 | Research | Tech None |
| 8:08 | Build | Barracks |
| 10:38 | Build | Market |
| 10:39 | Research | Tech None |
| 10:39 | Build | Blacksmith |
| 10:42 | Research | Tech None |
| 10:43 | Research | Tech None |
| 10:43 | Build | Archery Range |
| 11:04 | Research | Tech None |
| 12:19 | Research | Tech None |
| 12:19 | Build | House |
| 13:00 | Build | Farm |
| 13:16 | Build | Mill |
| 14:01 | Build | Market |
| 14:27 | Build | Market |
| 14:48 | Build | Market |
| 14:49 | Build | House |
| 15:01 | Research | Tech None |
| 15:01 | Research | Tech None |
| 15:01 | Build | Castle |
| 15:02 | Research | Tech None |
| 15:03 | Build | Town Center |
| 15:04 | Research | Tech None |
| 15:04 | Build | Mining Camp |
| 15:46 | Build | Farm |
| 15:53 | Research | Tech None |
| 16:05 | Build | Town Center |
| 16:25 | Build | Monastery |
| 16:26 | Build | Farm |
| 16:28 | Create | Gbeto |
| 16:53 | Build | Dock |
| 16:58 | Create | Gbeto |
| 17:19 | Build | Dock |
| 17:21 | Build | Dock |
| 17:23 | Create | Gbeto |
| 17:36 | Create | Gbeto |
| 17:45 | Build | Archery Range |
| 17:47 | Create | Gbeto |
| 17:56 | Create | Gbeto |
| 17:58 | Research | Tech None |
| 18:02 | Build | House |
| 18:02 | Build | Palisade Wall |
| 18:04 | Build | Palisade Wall |
| 18:13 | Build | Archery Range |
| 18:17 | Build | Archery Range |
| 18:20 | Build | House |
| 18:23 | Create | Gbeto |
| 18:29 | Create | Monk |
| 18:33 | Build | Siege Workshop |
| 18:44 | Build | House |
| 18:52 | Create | Gbeto |
| 18:52 | Build | Archery Range |
| 19:01 | Create | Gbeto |
| 19:14 | Build | House |
| 19:15 | Build | Barracks |
| 19:27 | Build | Barracks |
| 19:35 | Build | House |
| 19:39 | Build | Mining Camp |
| 19:50 | Build | House |
| 20:02 | Build | Farm |
| 20:06 | Create | Gbeto |
| 20:10 | Build | House |
| 20:13 | Build | Farm |
| 20:27 | Research | Tech None |
| 20:30 | Build | Farm |
| 20:32 | Create | Gbeto |
| 20:44 | Build | Farm |
| 20:46 | Build | Farm |
| 20:47 | Build | Farm |
| 20:49 | Build | Farm |
| 21:00 | Build | University |
| 21:03 | Build | Farm |
| 21:11 | Build | House |
| 21:24 | Research | Tech None |
| 21:28 | Build | Farm |
| 21:41 | Create | Gbeto |
| 21:47 | Build | Lumber Camp |
| 21:49 | Build | Farm |
| 21:58 | Create | Monk |
| 22:02 | Build | Farm |
| 22:04 | Build | Town Center |
| 22:17 | Build | Farm |
| 22:39 | Build | Farm |
| 23:01 | Create | Gbeto |
| 23:03 | Build | Mining Camp |
| 23:05 | Create | Skirmisher |
| 23:07 | Create | Skirmisher |
| 23:07 | Build | Farm |
| 23:09 | Create | Skirmisher |
| 23:20 | Create | Skirmisher |
| 23:22 | Create | Skirmisher |
| 23:24 | Create | Skirmisher |
| 23:28 | Create | Skirmisher |
| 23:39 | Create | Skirmisher |
| 23:41 | Create | Skirmisher |
| 23:43 | Research | Tech None |
| 23:43 | Create | Skirmisher |
| 23:43 | Build | Farm |
| 23:47 | Create | Skirmisher |
| 23:51 | Build | Farm |
| 23:54 | Create | Skirmisher |
| 23:54 | Build | Farm |
| 24:00 | Create | Skirmisher |
| 24:02 | Create | Skirmisher |
| 24:06 | Create | Skirmisher |
| 24:06 | Build | Farm |
| 24:09 | Create | Skirmisher |
| 24:15 | Create | Skirmisher |
| 24:17 | Research | Tech None |
| 24:19 | Build | Farm |
| 24:21 | Build | Farm |
| 24:25 | Build | Farm |
| 24:30 | Research | Tech None |
| 24:32 | Create | Gbeto |
| 24:32 | Create | Skirmisher |
| 24:32 | Build | Farm |
| 24:34 | Create | Skirmisher |
| 24:34 | Build | Farm |
| 24:44 | Build | Farm |
| 24:45 | Build | Farm |
| 24:47 | Create | Skirmisher |
| 24:47 | Build | Farm |
| 24:49 | Create | Skirmisher |
| 24:49 | Build | Farm |
| 24:53 | Research | Tech None |
| 24:53 | Create | Skirmisher |
| 24:58 | Build | Farm |
| 25:00 | Create | Skirmisher |
| 25:00 | Build | Farm |
| 25:08 | Create | Monk |
| 25:08 | Create | Skirmisher |
| 25:08 | Build | Farm |
| 25:17 | Create | Skirmisher |
| 25:17 | Build | Farm |
| 25:19 | Create | Gbeto |
| 25:19 | Build | Farm |
| 25:21 | Create | Skirmisher |
Build order —
First 150 of 155 actions detected
| 0:03 | Build | Town Center |
| 1:21 | Build | Settlement |
| 1:23 | Build | House |
| 1:24 | Build | Dock |
| 1:25 | Build | Dock |
| 1:26 | Build | Dock |
| 1:26 | Build | Dock |
| 1:27 | Build | Dock |
| 1:28 | Build | Dock |
| 1:29 | Build | Dock |
| 1:30 | Build | Dock |
| 1:47 | Research | Tech None |
| 2:30 | Build | Settlement |
| 6:52 | Build | House |
| 7:10 | Research | Tech None |
| 7:30 | Build | Settlement |
| 9:07 | Build | Dock |
| 9:26 | Research | Tech None |
| 9:35 | Research | Tech None |
| 9:56 | Create | Galley |
| 10:20 | Build | House |
| 10:24 | Build | House |
| 10:43 | Create | Galley |
| 11:19 | Create | Galley |
| 11:36 | Create | Galley |
| 11:51 | Build | Blacksmith |
| 12:02 | Build | Settlement |
| 12:22 | Build | Dock |
| 12:26 | Research | Tech None |
| 12:26 | Build | House |
| 12:28 | Build | House |
| 12:45 | Build | Market |
| 12:51 | Build | Farm |
| 13:07 | Build | Dock |
| 13:09 | Build | Dock |
| 13:10 | Build | Dock |
| 13:16 | Build | Dock |
| 13:18 | Build | Dock |
| 13:32 | Build | Dock |
| 13:34 | Build | Dock |
| 13:36 | Build | Dock |
| 13:57 | Build | Dock |
| 13:59 | Research | Tech None |
| 14:01 | Build | Barracks |
| 14:03 | Build | Farm |
| 14:29 | Build | Archery Range |
| 16:40 | Research | Tech None |
| 16:40 | Research | Tech None |
| 16:41 | Build | Market |
| 16:42 | Research | Tech None |
| 16:42 | Research | Tech None |
| 16:42 | Build | Town Center |
| 16:47 | Research | Tech None |
| 16:47 | Build | Town Center |
| 16:55 | Build | Town Center |
| 17:31 | Build | Town Center |
| 17:32 | Build | House |
| 17:34 | Build | House |
| 17:37 | Build | Farm |
| 17:50 | Research | Tech None |
| 17:52 | Build | Farm |
| 18:11 | Build | Settlement |
| 18:20 | Build | Farm |
| 18:44 | Build | Monastery |
| 18:54 | Build | Farm |
| 19:10 | Build | Farm |
| 19:23 | Create | Monk |
| 19:23 | Build | Farm |
| 19:35 | Build | Farm |
| 19:52 | Build | Barracks |
| 20:00 | Build | Farm |
| 20:24 | Build | Farm |
| 20:50 | Create | Spearman |
| 20:50 | Build | Farm |
| 21:03 | Create | Spearman |
| 21:03 | Build | Farm |
| 21:07 | Research | Tech None |
| 21:09 | Research | Tech None |
| 21:11 | Build | Farm |
| 21:13 | Build | Farm |
| 21:35 | Build | Siege Workshop |
| 21:45 | Create | Spearman |
| 21:45 | Build | Farm |
| 21:47 | Build | Farm |
| 21:51 | Research | Tech None |
| 21:52 | Build | House |
| 21:56 | Create | Spearman |
| 21:56 | Build | House |
| 22:13 | Create | Spearman |
| 22:13 | Build | House |
| 22:15 | Build | House |
| 22:25 | Create | Spearman |
| 22:29 | Create | Spearman |
| 22:29 | Build | Farm |
| 22:33 | Build | Farm |
| 22:39 | Create | Spearman |
| 22:42 | Create | Spearman |
| 22:42 | Build | Farm |
| 22:44 | Build | Farm |
| 22:46 | Research | Tech None |
| 23:01 | Research | Tech None |
| 23:13 | Create | Spearman |
| 23:52 | Research | Tech None |
| 23:54 | Build | Settlement |
| 24:11 | Create | Skirmisher |
| 24:19 | Build | Farm |
| 24:24 | Create | Skirmisher |
| 24:34 | Research | Tech None |
| 24:38 | Create | Skirmisher |
| 24:45 | Create | Galley |
| 24:45 | Build | Farm |
| 24:51 | Create | Skirmisher |
| 25:06 | Create | Skirmisher |
| 25:09 | Build | Farm |
| 25:15 | Build | Farm |
| 25:17 | Create | Mangonel |
| 25:17 | Create | Galley |
| 25:21 | Create | Skirmisher |
| 26:43 | Create | Skirmisher |
| 27:39 | Create | Skirmisher |
| 28:21 | Create | Skirmisher |
| 28:34 | Create | Skirmisher |
| 29:04 | Create | Skirmisher |
| 29:09 | Build | Farm |
| 29:12 | Create | Monk |
| 29:17 | Create | Skirmisher |
| 29:28 | Build | Settlement |
| 29:36 | Create | Skirmisher |
| 29:49 | Build | Siege Workshop |
| 30:03 | Build | Archery Range |
| 30:05 | Build | Archery Range |
| 30:08 | Build | Archery Range |
| 30:10 | Build | Town Center |
| 30:13 | Create | Skirmisher |
| 30:13 | Build | Town Center |
| 30:16 | Create | Galley |
| 30:16 | Build | Siege Workshop |
| 30:18 | Build | Archery Range |
| 30:24 | Build | Siege Workshop |
| 30:27 | Build | Siege Workshop |
| 30:29 | Build | Siege Workshop |
| 30:32 | Build | Siege Workshop |
| 30:34 | Build | Siege Workshop |
| 30:45 | Create | Skirmisher |
| 30:58 | Create | Skirmisher |
| 31:10 | Create | Skirmisher |
| 31:36 | Create | Skirmisher |
| 32:51 | Build | Siege Workshop |
| 32:59 | Create | Skirmisher |
| 33:35 | Create | Skirmisher |
Match timeline
| 1:02 | wakuku · first_building Dock |
| 1:18 | kumo · first_building Dock |
| 1:22 | Kay UwU · first_building Dock |
| 1:24 | · first_building Dock |
| 1:24 | · first_building Dock |
| 1:26 | Before · first_building Dock |
| 1:46 | tovra fans · first_building Dock |
| 2:11 | xYourY · first_building Dock |
| 8:08 | · first_building Barracks |
| 10:43 | · first_building Archery Range |
| 11:30 | wakuku · wall_segment Palisade Wall x1 |
| 11:31 | wakuku · wall_segment Palisade Wall x1 |
| 12:22 | · first_market_buy 100 stone |
| 12:24 | · first_market_sell 100 food |
| 12:52 | xYourY · first_building Barracks |
| 13:10 | · first_market_sell 100 food |
| 13:26 | Before · first_building Barracks |
| 13:31 | wakuku · age_up feudal |
| 13:44 | Kay UwU · age_up feudal |
| 14:01 | · first_building Barracks |
| 14:12 | Before · age_up feudal |
| 14:19 | wakuku · wall_segment Palisade Wall x1 |
| 14:20 | kumo · age_up feudal |
| 14:20 | wakuku · wall_segment Palisade Wall x1 |
| 14:24 | Before · first_building Archery Range |
| 14:29 | · first_building Archery Range |
| 14:30 | wakuku · wall_segment Palisade Wall x1 |
| 14:43 | xYourY · age_up feudal |
| 14:47 | xYourY · first_building Stable |
| 14:51 | wakuku · first_market_sell 100 stone |
| 14:52 | wakuku · first_market_buy 100 food |
| 15:01 | · first_building Castle |
| 15:08 | tovra fans · age_up feudal |
| 15:31 | kumo · first_building Stable |
| 15:56 | tovra fans · first_market_sell 100 food |
| 16:25 | · first_building Monastery |
| 17:37 | Kay UwU · age_up castle |
| 17:38 | wakuku · age_up castle |
| 17:43 | kumo · age_up castle |
| 17:55 | wakuku · first_building Castle |
| 18:16 | Before · age_up castle |
| 18:29 | Kay UwU · first_building Barracks |
| 18:33 | · first_building Siege Workshop |
| 18:38 | xYourY · age_up castle |
| 18:42 | tovra fans · age_up castle |
| 18:44 | · first_building Monastery |
| 19:21 | tovra fans · first_building Castle |
| 19:23 | Kay UwU · first_building Archery Range |
| 20:04 | xYourY · first_building Monastery |
| 20:08 | Kay UwU · first_market_buy 100 food |
| 21:35 | · first_building Siege Workshop |
| 22:44 | xYourY · first_market_buy 100 food |
| 24:20 | tovra fans · first_market_buy 100 food |
| 27:15 | Before · first_building Monastery |
| 29:50 | · first_building Stable |
| 29:53 | wakuku · age_up imperial |
| 30:24 | tovra fans · first_building Barracks |
| 30:28 | tovra fans · first_building Monastery |
| 30:36 | Kay UwU · first_building Castle |
| 31:47 | Before · age_up imperial |
| 31:47 | kumo · first_building Castle |
| 32:13 | tovra fans · first_building Stable |
| 33:59 | wakuku · first_building Barracks |
| 34:56 | wakuku · first_building Archery Range |
| 35:00 | xYourY · age_up imperial |
| 36:22 | xYourY · first_building Castle |
| 37:13 | Kay UwU · first_building Stable |
| 37:19 | tovra fans · age_up imperial |
| 37:58 | Kay UwU · age_up imperial |
| 37:59 | · resign |
[ AI ANALYSIS · 1 CREDIT ]
What really happened in this match?
Wolo.gg analyzes every decision: build order, eco, micro, common mistakes by bracket. Personalized analysis on WhatsApp or Discord in 30 seconds.
Civ guide
Italians
Perfil
Jugador #8640528